 Dungeon Crawl Stone Soup version 0.26-a0-1049-g242049e08c (webtiles) character file.

Game seed: 2550054932778922205

60 Ge0ff the Firebug (level 4, 0/25 HPs)
             Began as a Tengu Fire Elementalist on Dec 12, 2020.
             Succumbed to an adder's poison
             ... on level 2 of the Dungeon.
             The game lasted 00:03:55 (1513 turns).

Ge0ff the Firebug (Tengu Fire Elementalist)         Turns: 1513, Time: 00:03:55

Health: 0/25       AC:  2    Str:  8    XL:     4   Next: 6%
Magic:  1/8        EV: 13    Int: 16    God:
Gold:   82         SH:  0    Dex: 15    Spells: 6/7 levels left

rFire    . . .     SeeInvis .   (no weapon)
rCold    . . .     Faith    .   (no shield)
rNeg     . . .     Spirit   .   a - +0 robe
rPois    .         Reflect  .   (helmet restricted)
rElec    .         Harm     .   b - scarf {repulsion}
rCorr    .         Rampage  .   (no gloves)
Will     .....                  (boots unavailable)
Stlth    ++........             (no amulet)
HPRegen  0.08/turn              (no ring)
MPRegen  0.11/turn              (no ring)

@: lethally poisoned (0 -> -3), very slightly contaminated, repel missiles
A: beak, talons 3
a: no special abilities


You were on level 2 of the Dungeon.
You visited 1 branch of the dungeon, and saw 2 of its levels.

You collected 82 gold pieces.

Inventory:

Armour
 a - a +0 robe (worn)
 b - a scarf of repulsion (worn)
 V - a +0 leather armour
Scrolls
 i - a scroll of identify
 y - a scroll of immolation
 T - a scroll of teleportation
Potions
 K - a potion of magic {!q}


   Skills:
 - Level 1.0 Fighting
 - Level 2.1 Dodging
 - Level 2.0 Stealth
 + Level 2.3 Spellcasting
 + Level 2.7 Conjurations
 + Level 4.3 Fire Magic


You had 6 spell levels left.
You knew the following spells:

 Your Spells              Type           Power        Failure   Level
s - Foxfire               Conj/Fire      ##..         4%          1

Your spell library contained the following spells:

 Spells                   Type           Power        Failure   Level
 Conjure Flame            Conj/Fire      ##......     14%         3
 Inner Flame              Hex/Fire       #.......     24%         3
 Sticky Flame             Conj/Fire      ##......     43%         4
 Fireball                 Conj/Fire      ##........   78%         5


Dungeon Overview and Level Annotations

Branches:
Dungeon (2/15)

Altars:
Cheibriados

Annotations:
D:2 Natasha


Innate Abilities, Weirdness & Mutations

You have a beak for a mouth.
You have claws for feet.


Message History

Casting: Foxfire (safe; 4% risk of failure)
Confirm with . or Enter, or press ? or * to list all spells.
Nothing appears to happen.
The foxfire hits Natasha.
Natasha is severely wounded.
The foxfire hits Natasha but does no damage.
Natasha is severely wounded.
Natasha stares at you and mumbles some strange words.
You resist with some effort.
Casting: Foxfire (safe; 4% risk of failure)
Confirm with . or Enter, or press ? or * to list all spells.
You conjure some foxfire!
Natasha claws you.
* * * LOW HITPOINT WARNING * * *
The adder bites you.
* * * LOW HITPOINT WARNING * * *
You are lethally poisoned!
The adder poisons you!
Okay, then.
As you read the scroll of identify, it crumbles to dust.
U - a scroll of immolation;
y - a scroll of immolation You die...

.♣ .# ♣l♣ ..#
..##### ......) #.
######S..# #.
#.^.v@v..# #.#
#.####h.$[...
##.####.#####.####.
#............#..
##........##.#.###
####..............
##.................
...........##..†...
#.......#.#.......


You could see Natasha, an adder and a frilled lizard.

Vanquished Creatures
  2 adders (D:2)
  2 worms (D:2)
  A dart slug (D:2)
  4 leopard geckos (D:1)
  A bat (D:2)
  3 goblins (D:1)
  7 hobgoblins
  A quokka (D:2)
  A frilled lizard (D:2)
  3 kobolds (D:1)
  5 rats (D:1)
30 creatures vanquished.

Vanquished Creatures (collateral kills)
  A foxfire (D:1)
1 creature vanquished.

Vanquished Creatures (others)
  104 foxfires
  5 plants
109 creatures vanquished.

Grand Total: 140 creatures vanquished

Notes
Turn   | Place    | Note
-------+----------+-------------------------------------------
     0 | D:1      | Ge0ff the Tengu Fire Elementalist began the quest for the
                  | Orb.
     0 | D:1      | Reached XP level 1. HP: 10/10 MP: 4/4
   277 | D:1      | Reached XP level 2. HP: 16/16 MP: 1/6
   420 | D:1      | Reached skill level 1 in Fighting
   618 | D:1      | Reached skill level 4 in Fire Magic
   692 | D:1      | Found a snail-covered altar of Cheibriados.
   835 | D:1      | Reached XP level 3. HP: 20/20 MP: 3/7
  1254 | D:2      | Noticed Natasha
  1421 | D:2      | Reached XP level 4. HP: 25/25 MP: 2/8
  1512 | D:2      | HP: 1/25 [adder (2)]
  1513 | D:2      | Succumbed to an adder's poison

Illustrated notes

Levels and vault maps discovered:
D:1:      ncdulo_watergridlock, layout_loops_ring, serial_bayou,
          serial_bayou_shore_b, serial_bayou_pond_c, serial_bayou_pond_d,
          serial_bayou_shore_a, cheibriados_altar_1
D:2:      layout_loops_ring, serial_forest, infiniplex_forest_lined_room_2,
          infiniplex_forest_lined_2, infiniplex_forest_clump_tiny,
          infiniplex_forest_lined_2, uniq_terence, uniq_natasha

Skill      XL: |  1  2 |
---------------+-------+-----
Conjurations   | 2 |  2.7
Fighting       | 1 |  1.0
Fire Magic     | 4 |  4.3
Dodging        | |  2.1
Stealth        | |  2.0
Spellcasting   | |  2.3

Action                   |  1- 3 |  4- 6 || total
-------------------------+-------+-------++-------
Melee: Unarmed           |     2 |       ||     2
       Kick              |     1 |       ||     1
 Cast: Foxfire           |    61 |     8 ||    69
  Use: Scroll            |     2 |     1 ||     3
 Stab: Sleeping          |     1 |       ||     1
Armor: Robe              |     1 |       ||     1
Dodge: Dodged            |    12 |       ||    12
       Repelled          |     2 |       ||     2

Table legend: (Time is in decaauts)
 A = Elapsed time spent in this place.
 B = Non-inter-level travel time spent in this place.
 C = Inter-level travel time spent in this place.
 D = Time resting spent in this place.
 E = Time spent auto-exploring this place.
 F = Levels seen in this place.
 G = Mean time per level.
                   A        B        C        D        E       F      G
               +--------+--------+--------+--------+--------+-----+--------+
         Total |   1535 |   1512 |     23 |      0 |   1265 |   2 |  767.5 |
       Dungeon |   1535 |   1512 |     23 |      0 |   1265 |   2 |  767.5 |
               +--------+--------+--------+--------+--------+-----+--------+

Top non-repeatable levels by time:
     D:1: 1208 daAuts
     D:2: 326 daAuts
